 Dungeon Crawl Stone Soup version 0.25.1-2-g60ff931df9 (webtiles) character file.

Game seed: 14703235912155361182

170 lonewolf22212 the Ruffian (level 5, -10/36 HPs)
             Began as a Draconian Transmuter on Oct 12, 2020.
             Was an Initiate of Zin (penitent).
             Mangled by an ogre
             ... wielding a cursed +0 giant club
              (17 damage)
             ... on level 3 of the Dungeon.
             The game lasted 00:11:31 (3183 turns).

lonewolf22212 the Ruffian (Draconian Transmuter)    Turns: 3183, Time: 00:11:32

Health: -10/36     AC:  5    Str: 12 (13) XL:     5   Next: 25%
Magic:  8/8        EV: 12    Int: 13 (14) God:    Zin [*]
Gold:   82         SH:  0    Dex:  7 (9)  Spells: 0/8 levels left

rFire    + . .     SeeInvis .     - Unarmed
rCold    x . .     Gourm    .   (no shield)
rNeg     . . .     Faith    .   (armour unavailable)
rPois    .         Spirit   .   (helmet restricted)
rElec    .         Reflect  .   (no cloak)
rCorr    .         Harm     .   (no gloves)
MR       .....                  (no boots)
Stlth    +.........             h - amulet of magic regeneration
HPRegen  0.12/turn              (no ring)
MPRegen  0.36/turn              g - ring of fire

@: lethally poisoned (-10 -> -16), contaminated, glowing
A: unfitting armour, clumsy 1, deterioration 1, frail 1, cold-blooded, AC +5
a: Donate Gold, Renounce Religion


You were on level 3 of the Dungeon.
You worshipped Zin.
Zin was demanding penance.
You were not hungry.

You visited 1 branch of the dungeon, and saw 3 of its levels.

You collected 91 gold pieces.
You donated 9 gold pieces to Zin.

Inventory:

Missiles
 a - 11 arrows
Armour
 m - a +0 helmet
Jewellery
 d - an uncursed ring of attention
 g - a ring of fire (right hand)
 h - an amulet of magic regeneration (around neck)
 s - an uncursed ring of magical power {unknown}
Wands
 k - a wand of paralysis (9)
Scrolls
 b - a scroll of fear {unknown}
 j - 2 scrolls of remove curse
 l - a scroll of random uselessness {unknown}
 n - a scroll of amnesia {unknown}
 p - a scroll of immolation {unknown}
 q - 3 scrolls of identify {unknown}
Potions
 f - 3 potions of degeneration
 i - a potion of brilliance {unknown}
 o - 3 potions of stabbing {unknown}
 r - a potion of invisibility {unknown}
 t - a potion of mutation {unknown}
Comestibles
 c - 2 rations
 u - 2 chunks of flesh


   Skills:
 + Level 1.7 Fighting
 + Level 2.9 Dodging
 + Level 0.8 Stealth
 + Level 4.8 Unarmed Combat
 + Level 2.1 Spellcasting
 + Level 2.3 Transmutations


You couldn't memorise any spells.
You knew the following spells:

 Your Spells              Type           Power        Failure   Level  Hunger
a - Beastly Appendage     Tmut           #.....       10%         1    ##.....
b - Blade Hands           Tmut           #.........   95%         5    ######.
c - Sticks to Snakes      Tmut           #.......     14%         2    ###....

Your spell library contained the following spells:

 Spells                   Type           Power        Failure   Level  Hunger
 Spider Form              Tmut/Pois      #.........   43%         3    ####...
 Ice Form                 Ice/Tmut       #.......     83%         4    #####..


Dungeon Overview and Level Annotations

Branches:
Dungeon (3/15)

Altars:
Trog
Zin


Innate Abilities, Weirdness & Mutations

Your plain brown scales are hard. (AC +5)
You cannot fit into any form of body armour.
You are cold-blooded and may be slowed by cold attacks.
You are clumsy. (Dex -2)
Your body sometimes deteriorates upon taking damage.
You are frail. (-10% HP)


Message History

You closely miss the adder.
The adder is almost dead.
You feel sick. The adder bites you.
* * * LOW HITPOINT WARNING * * *
The bat hits you but does no damage. The bat closely misses you.
The adder bites you.
* * * LOW HITPOINT WARNING * * *
You are more poisoned.
The adder poisons you! The ogre barely misses you.
You hit the ogre.
The ogre is lightly wounded.
The bat hits you but does no damage. x3; The adder barely misses you.
It was a potion of degeneration.
There was something very wrong with that liquid.
You feel weakened.
You feel dopey.
You feel clumsy.
* * * LOW HITPOINT WARNING * * *
You feel sick. The bat hits you but does no damage. x2
The bat barely misses you.
The ogre hits you with a cursed +0 giant club!
You die...

.# )# ###### #+######+##.# #
.....+...............##.#
.....#......................
.....#...............# ....#
.....#..........bO...##....#
.....#..........@....#.....#
.....#..........S...........
..............b.............
#####....................# #
#.............!†.###.
#####..............?.#
...........########..##
####.......# #....>.#
#.###########......#


You could see an ogre, an adder and 2 bats.

Vanquished Creatures
  A bullfrog (D:3)
  A gnoll (D:1)
  2 adders
  A river rat (D:3)
  2 oozes (D:1)
  6 leopard geckos
  An orc (D:3)
  6 giant cockroaches
  4 goblins
  7 hobgoblins
  6 jackals
  2 kobolds (D:3)
  2 quokkas
  A ball python (D:3)
  4 bats
  3 frilled lizards
  7 rats
56 creatures vanquished.

Notes
Turn   | Place    | Note
-------+----------+-------------------------------------------
     0 | D:1      | lonewolf22212 the Draconian Transmuter began the quest for
                  | the Orb.
     0 | D:1      | Reached XP level 1. HP: 16/16 MP: 3/3
   173 | D:1      | Reached XP level 2. HP: 22/23 MP: 5/5
   791 | D:1      | Reached XP level 3. HP: 16/28 MP: 6/6
  1429 | D:2      | Found a faded altar of an unknown god.
  1439 | D:2      | Reached skill level 4 in Unarmed Combat
  1458 | D:2      | Became a worshipper of Zin the Law-Giver
  1458 | D:2      | Reached * piety under Zin
  1500 | D:2      | Found a bloodstained altar of Trog.
  2303 | D:3      | Reached XP level 4. HP: 35/35 MP: 7/7
  2645 | D:3      | Noticed a bullfrog
  2659 | D:3      | Killed a bullfrog
  2659 | D:3      | Reached XP level 5. HP: 16/41 MP: 8/8
  2922 | D:3      | Learned a level 5 spell: Blade Hands
  2922 | D:3      | Was placed under penance by Zin
  3012 | D:3      | Gained mutation: You are frail. (-10% HP) [mutagenic glow]
  3083 | D:3      | Learned a level 2 spell: Sticks to Snakes
  3116 | D:3      | Gained mutation: Your body sometimes deteriorates upon
                  | taking damage. [mutagenic glow]
  3172 | D:3      | Gained mutation: You are clumsy. (Dex -2) [mutagenic glow]
  3174 | D:3      | Noticed an ogre
  3183 | D:3      | Mangled by an ogre

Illustrated notes

Levels and vault maps discovered:
D:1:      lemuel_arrival_hallway, layout_basic, minmay_3d_cube
D:2:      layout_loops_cross, lightli_temple_of_fire,
          chequers_ecumenical_altar_simple_redux
D:3:      layout_basic, gup_sewer_entry_bowl, first_ration

Skill      XL: |  1  2  3 |
---------------+----------+-----
Dodging        | 2 |  2.9
Unarmed Combat | 4 |  4.8
Fighting       | |  1.7
Stealth        | |  0.8
Spellcasting   | |  2.1
Transmutations | |  2.3

Action                   |  1- 3 |  4- 6 || total
-------------------------+-------+-------++-------
Melee: Unarmed           |   151 |    76 ||   227
       Tailslap          |    14 |     5 ||    19
       Punch             |     1 |     1 ||     2
 Cast: Blade Hands       |       |     1 ||     1
       Sticks to Snakes  |       |     1 ||     1
  Use: Potion            |       |     2 ||     2
       Scroll            |       |     1 ||     1
  Eat: Chunk             |     4 |     3 ||     7
       Ration            |       |     1 ||     1
Armor: Skin              |    55 |    46 ||   101
Dodge: Dodged            |   134 |    79 ||   213
